 Dungeon Crawl Stone Soup version 0.28.0-53-g5a82cb258f (webtiles) character file.

Game seed: 2194983140449381066

1709 Plasmagod the Cleaver (level 8, -41/71 HPs)
             Began as a Minotaur Fighter on July 10, 2022.
             Was a Believer of Okawaru.
             Annihilated by a boulder beetle (55 damage)
             ... on level 5 of the Dungeon.
             The game lasted 00:27:16 (4394 turns).

Plasmagod the Cleaver (Minotaur Fighter)            Turns: 4394, Time: 00:27:17

Health: -41/71     AC: 15    Str: 26    XL:     8   Next: 74%
Magic:  7/7        EV:  7    Int:  5    God:    Okawaru [**....]
Gold:   223        SH:  5    Dex: 11    Spells: 7/7 levels left

rFire   . . .      SeeInvis .   m - +3 mace (protect)
rCold   + . .      Faith    .   c - +0 buckler
rNeg    . . .      Spirit   .   r - +0 plate armour
rPois   .          Reflect  .   (helmet restricted)
rElec   .          Harm     .   (no cloak)
rCorr   .          Rampage  .   n - +1 pair of gloves "Zuokhuxt" {rC+ Regen+ Str+4}
Will    .....                   (no boots)
Stlth   ..........              (no amulet)
HPRegen 1.01/turn               (no ring)
MPRegen 0.10/turn               (no ring)

@: no status effects
A: horns 2, retaliatory headbutt
a: Renounce Religion, Heroism


You were on level 5 of the Dungeon.
You worshipped Okawaru.
Okawaru was pleased with you.
You visited 2 branches of the dungeon, and saw 7 of its levels.

You collected 223 gold pieces.

Inventory:

Hand Weapons
 a - a +0 war axe
 m - a +3 mace of protection (weapon)
 p - a +2 vorpal hand axe
Armour
 c - a +0 buckler (worn)
 n - the +1 pair of gloves "Zuokhuxt" (worn) {rC+ Regen+ Str+4}
   (You found it on level 2 of the Dungeon)

   Str:       It affects your strength (+4).
   rC:        It protects you from cold.
   Regen:     It increases your rate of health regeneration.
 r - a +0 plate armour (worn)
Wands
 o - a wand of flame (26)
Scrolls
 e - a scroll of identify
 j - a scroll of blinking
 k - 2 scrolls of teleportation
 s - a scroll of enchant weapon
Potions
 d - a potion of cancellation {unknown}
 f - a potion of magic
 g - 2 potions of haste
 h - 2 potions of flight
 i - a potion of mutation
 q - a potion of curing
 t - a potion of lignification {unknown}


   Skills:
 + Level 6.5 Fighting
 + Level 8.3(9.1) Axes
 + Level 5.5(7.7) Maces & Flails
 + Level 6.7 Armour
 + Level 1.1 Dodging
 + Level 5.4 Shields


You had 7 spell levels left.
You didn't know any spells.
Your spell library contained the following spells:

 Spells                   Type           Power      Damage    Failure   Level
 Pain                     Necr           0%         1d4       100%        1
 Portal Projectile        Hex/Tloc       0%         N/A       100%        3
 Teleport Other           Tloc           0%         N/A       100%        3
 Vampiric Draining        Necr           0%         2d6       100%        3
 Leda's Liquefaction      Hex/Erth       0%         N/A       100%        4
 Metabolic Englaciation   Hex/Ice        0%         N/A       100%        5
 Ozocubu's Refrigeration  Ice            0%         4d5       100%        7
 Animate Skeleton         Necr           Unusable   N/A       N/A         1
 Call Canine Familiar     Summ           Unusable   N/A       N/A         3
 Summon Forest            Summ/Tloc      Unusable   N/A       N/A         5

Dungeon Overview and Level Annotations

Branches:
Dungeon (6/15)             Temple (1/1) D:4

Altars:
Ashenzari
Cheibriados
Dithmenos
Elyvilon
Fedhas
Gozag
Hepliaklqana
Kikubaaqudgha
Makhleb
Nemelex Xobeh
Okawaru
Qazlal
Ru
Sif Muna
Trog
Uskayaw
Vehumet
Wu Jian
Xom
Yredelemnul
Zin

Shops:
D:2 (


Innate Abilities, Weirdness & Mutations

You have a pair of horns on your head.
You reflexively headbutt those who attack you in melee.


Message History

The boulder beetle is moderately wounded.
The boulder beetle closely misses you. You furiously retaliate!
You headbutt the boulder beetle, but do no damage.
You hit the boulder beetle but do no damage.
You headbutt the boulder beetle, but do no damage.
The boulder beetle is moderately wounded.
The boulder beetle bites you.
You hit the boulder beetle.
The boulder beetle is moderately wounded.
The boulder beetle bites you!
You hit the boulder beetle but do no damage.
You headbutt the boulder beetle, but do no damage.
The boulder beetle is moderately wounded.
The boulder beetle bites you!
You sock the boulder beetle!
The boulder beetle is moderately wounded.
The boulder beetle bites you!!
* * * LOW HITPOINT WARNING * * *
The boulder beetle curls into a ball and begins rolling!
Found a mace.
You block the boulder beetle's attack.
The boulder beetle stops rolling and uncurls.
The boulder beetle barely misses you.
Found a ring mail.
There is a stone staircase leading up here.
You climb upwards.
There is a stone staircase leading down here.
The boulder beetle curls into a ball and begins rolling!
The boulder beetle completely misses you.
The boulder beetle stops rolling and uncurls.
You hit the boulder beetle.
Your weapon exudes an aura of protection.
The boulder beetle is lightly wounded.
The boulder beetle bites you!
* * * LOW HITPOINT WARNING * * *
There is a stone staircase leading down here.
The boulder beetle curls into a ball and begins rolling!
The boulder beetle hits you!!!
Ouch! That really hurt!
You die...

#.#
####.......##.#########.#
#.# #.#...####.# #.# #.#
#.#...# #.# #.#
#.#######.#.(.####.### #.#
#....................# #.#
#########(.#.#####.#○# #.#
#..#.# ##>#.## #.#
#..#.####°....######.# #####
#....@B○°............# #...#
##.#.####.....########
#...### #....####.#.##
......#######.....###.#.####
...........................#
......#######.....#####.##.#
#...### ##...## #.##.######
#...# ##..######..........
##.## #.......#..#.######


You could see a boulder beetle (rolling).

Vanquished Creatures
  A gargoyle (D:6)
  An ice beast (D:5)
  A sky beast (D:6)
  2 black bears (D:6)
  An ogre (D:5)
  A centaur (D:6)
  2 bullfrogs (D:6)
  2 water moccasin skeletons (D:5)
  3 killer bees (D:4)
  4 hounds
  2 jellies
  Crazy Yiuf (D:4)
  4 iguanas
  An orc wizard (D:4)
  A killer bee zombie (D:5)
  A howler monkey skeleton (D:4)
  6 adders
  An ufetubus (D:5)
  3 worms
  14 orcs
  7 bats
  9 endoplasms
  3 giant cockroaches
  6 goblins
  7 hobgoblins
  6 jackals
  5 kobolds
  2 quokkas
  3 ball pythons
  2 frilled lizards (D:2)
  6 rats
108 creatures vanquished.

Notes
Turn   | Place    | Note
-------+----------+-------------------------------------------
     0 | D:1      | Plasmagod the Minotaur Fighter began the quest for the Orb.
     0 | D:1      | Reached XP level 1. HP: 19/19 MP: 0/0
   354 | D:1      | Reached XP level 2. HP: 27/27 MP: 1/1
   971 | D:2      | Found a sacrificial altar of Ru.
  1045 | D:2      | Found Xoynwa's Antique Weapon Shop.
  1064 | D:2      | Reached skill level 3 in Axes
  1064 | D:2      | Reached XP level 3. HP: 31/33 MP: 2/2
  1125 | D:2      | Reached XP level 4. HP: 39/41 MP: 3/3
  1594 | D:2      | Identified the +1 pair of gloves "Zuokhuxt" {rC+ Regen+
                  | Str+4}
  1911 | D:3      | Reached skill level 4 in Axes
  2052 | D:4      | Reached skill level 1 in Maces & Flails
  2052 | D:4      | Reached XP level 5. HP: 47/47 MP: 4/4
  2208 | D:4      | Reached skill level 5 in Axes
  2382 | D:4      | Reached XP level 6. HP: 43/55 MP: 5/5
  2439 | D:4      | Found a staircase to the Ecumenical Temple.
  2447 | Temple   | Entered the Ecumenical Temple
  2739 | Temple   | Became a worshipper of Warmaster Okawaru
  2965 | D:4      | Got the Guide on Translocation and the Snowflakes
  2977 | D:4      | Found a runed translucent door.
  2978 | D:4      | Noticed Crazy Yiuf
  2985 | D:4      | Killed Crazy Yiuf
  3190 | D:5      | Entered Level 5 of the Dungeon
  3368 | D:5      | Noticed an ice beast
  3372 | D:5      | Reached skill level 5 in Fighting
  3372 | D:5      | Reached skill level 5 in Armour
  3372 | D:5      | Reached XP level 7. HP: 58/61 MP: 6/6
  3476 | D:5      | Reached skill level 5 in Maces & Flails
  3479 | D:5      | Reached skill level 1 in Dodging
  3563 | D:5      | Reached * piety under Okawaru
  3812 | D:6      | Reached skill level 6 in Axes
  3887 | D:6      | Reached XP level 8. HP: 70/70 MP: 7/7
  3903 | D:6      | Reached skill level 5 in Shields
  3949 | D:6      | Noticed a gargoyle
  3958 | D:6      | Noticed a boulder beetle
  3979 | D:6      | Reached skill level 7 in Axes
  3981 | D:6      | Killed a gargoyle
  3981 | D:6      | Reached ** piety under Okawaru
  3982 | D:6      | Reached skill level 8 in Axes
  4341 | D:6      | Noticed a boulder beetle
  4394 | D:5      | Annihilated by a boulder beetle

Illustrated notes

Levels and vault maps discovered:
D:1:      lightli_arrival_flooded_house, layout_basic, interstate_on_off,
          minmay_tetromino_l4
D:2:      layout_basic, serial_shops, nicolae_shop_hallway_plus, basic_altar
D:3:      layout_basic, shapermc_ecumenical_altar_starsandcircs
D:4:      layout_gridville, minmay_temple_entry_glassed_door,
          grunt_decor_fettered, nicolae_elevator_lobby_asterisk,
          uniq_crazy_yiuf_cottage
D:5:      layout_loops_ring
D:6:      layout_cave_pools, nicolae_zen_rock_garden
Temple:   compressed_dpeg_circular_temple

Skill      XL: |  1  2  3  4  5  6  7  8 |
---------------+-------------------------+-----
Fighting       | 4 5 6 |  6.5
Shields        | 4 5 |  5.4
Armour         | 4 5 6 |  6.7
Axes           | 3 4 5 6 8 |  8.3
Maces & Flails | 1 2 4 5 |  5.5
Dodging        | 1 |  1.1

Action                   |  1- 3 |  4- 6 |  7- 9 || total
-------------------------+-------+-------+-------++-------
Melee: War axe           |    75 |    14 |       ||    89
       Headbutt          |    10 |    20 |    23 ||    53
       Mace              |       |    92 |    17 ||   109
       Hand axe          |       |    18 |    85 ||   103
  Use: Scroll            |       |     5 |     7 ||    12
       Potion            |       |     1 |     3 ||     4
Armor: Scale mail        |    36 |     5 |       ||    41
       Chain mail        |       |    23 |       ||    23
       Plate armour      |       |    41 |    60 ||   101
Dodge: Dodged            |    40 |    58 |    28 ||   126
Block: Buckler           |    15 |    28 |    20 ||    63
